 Dungeon Crawl Stone Soup version 0.22.0-27-ga576289601 (webtiles) character file.

22659 Gorice the Protected (level 12, -2/101 HPs)
             Began as a Minotaur Gladiator on Aug 22, 2018.
             Was the Champion of Okawaru.
             Slain by a blink frog (10 damage)
             ... on level 3 of the Lair of Beasts.
             The game lasted 00:59:50 (16780 turns).

Gorice the Protected (Minotaur Gladiator)          Turns: 16780, Time: 00:59:50

Health: -2/101     AC: 27    Str: 19    XL:     12   Next: 65%
Magic:  14/15      EV: 11    Int:  9    God:    Okawaru [******]
Gold:   909        SH:  0    Dex: 13    Spells: 11/11 levels left

rFire    . . .     SeeInvis .   a - +0 scimitar
rCold    . . .     Gourm    .   (no shield)
rNeg     . . .     Faith    .   r - +0 plate armour
rPois    .         Spirit   .   M - +1 hat
rElec    .         Reflect  .   (no cloak)
rCorr    .         Harm     .   n - +0 pair of gloves
MR       .....                  I - +0 pair of boots
Stlth    ..........             s - amulet of rage
HPRegen  0.26/turn              Q - +4 ring of protection
MPRegen  0.14/turn              P - +5 ring of protection

@: heroism, very slightly contaminated
A: retaliatory headbutt, horns 2, deformed body, frail 1
a: Heroism, Finesse, Renounce Religion, Evoke Berserk Rage


You were on level 3 of the Lair of Beasts.
You worshipped Okawaru.
Okawaru was exalted by your worship.
You were not hungry.

You visited 3 branches of the dungeon, and saw 15 of its levels.

You collected 909 gold pieces.

Inventory:

Hand Weapons
 a - a +0 scimitar (weapon)
 b - the +7 longbow "Warhur" {velocity, rElec Str-2 SInv}
   (Okawaru gifted it to you on level 1 of the Lair of Beasts)

   Any arrow fired from it inflicts extra damage.
   It affects your strength (-2).
   It insulates you from electricity.
   It lets you see invisible.
 h - a +0 flail of protection
   (You found it on level 7 of the Dungeon)
 B - a +0 blowgun
 L - a +1 double sword of distortion
   (Okawaru gifted it to you on level 3 of the Lair of Beasts)
Missiles
 m - 11 tomahawks (quivered)
 w - 75 arrows
 Y - 4 throwing nets {!f}
 Z - 413 stones
Armour
 n - a +0 pair of gloves (worn)
 r - a +0 plate armour (worn)
 I - a +0 pair of boots (worn)
 M - a +1 hat (worn)
Jewellery
 c - an uncursed ring of protection from cold
 f - an uncursed ring of protection from fire
 p - an uncursed ring of poison resistance
 s - an amulet of rage (around neck)
 C - an uncursed ring of resist corrosion
 F - an uncursed ring of flight
 P - a +5 ring of protection (right hand)
 Q - a +4 ring of protection (left hand)
Wands
 e - a wand of iceblast (7)
 t - a wand of enslavement (28)
 y - a wand of digging (6)
 A - a wand of acid (7)
 H - a wand of polymorph (13)
Scrolls
 d - 4 scrolls of teleportation {!r}
 k - 5 scrolls of remove curse
 l - 10 scrolls of identify
 q - 3 scrolls of blinking
 u - 3 scrolls of fear {!r}
 x - 4 scrolls of fog
 G - a scroll of enchant weapon
 J - a scroll of magic mapping {!r}
Potions
 g - 5 potions of flight
 i - 3 potions of heal wounds {!q}
 j - 3 potions of lignification {!q}
 o - 4 potions of haste {!q}
 v - 2 potions of ambrosia
 z - 2 potions of cancellation {!q}
 E - a potion of magic {!q}
 K - a potion of agility {!q}
Comestibles
 N - 31 rations


   Skills:
 + Level 12.3(17.3) Fighting
 - Level 14.0(19.0) Long Blades
 - Level 2.0(7.0) Throwing
 + Level 14.9(19.9) Armour
 - Level 3.2(8.2) Dodging
 + Level 6.3 Invocations


You had 11 spell levels left.
You didn't know any spells.
Your spell library contained the following spells:

 Spells                   Type           Power        Failure   Level  Hunger
 Beastly Appendage        Tmut           #.....       98%         1    ##.....
 Magic Dart               Conj           #...         98%         1    ##.....
 Blink                    Tloc           N/A          99%         2    ###....
 Call Imp                 Summ           #.......     99%         2    ###....
 Slow                     Hex            #.......     99%         2    ###....
 Sticks to Snakes         Tmut           #.......     99%         2    ###....
 Conjure Flame            Conj/Fire      #.......     100%        3    ####...
 Mephitic Cloud           Conj/Pois/Air  #.......     100%        3    ####...
 Spider Form              Tmut/Pois      #.........   100%        3    ####...
 Ice Form                 Ice/Tmut       #.......     100%        4    #####..
 Blade Hands              Tmut           #.........   100%        5    ######.


Dungeon Overview and Level Annotations

Branches:
Dungeon (11/15)            Temple (1/1) D:6            Lair (3/6) D:11
  Swamp (0/4) Lair:2        Snake (0/4) Lair:2          Orc (0/2) D:9

Altars:
Ashenzari
Cheibriados
Dithmenos
Elyvilon
Fedhas
Gozag
Hepliaklqana
Kikubaaqudgha
Makhleb
Nemelex Xobeh
Okawaru
Qazlal
Ru
Sif Muna
Trog
Uskayaw
Vehumet
Wu Jian
Xom
Yredelemnul
Zin
The Shining One

Shops:
D:7 ?   D:9 }

Annotations:
D:8 2 transporters, raetorn's ghost, novice DDFi


Innate Abilities, Weirdness & Mutations

You reflexively headbutt those who attack you in melee.
You have a pair of horns on your head.
Armour fits poorly on your strangely shaped body.
You are frail. (-10% HP)


Message History

Okawaru accepts your kill.
The blink frog hits you but does no damage.
The blink frog blinks!
Unknown command.
Unknown command.
Unknown command.
Unknown command.
You slash the blink frog!
The blink frog is almost dead.
The blink frog closely misses you.
You riposte.
Your plate armour prevents you from hitting the blink frog.
The blink frog is almost dead.
You hit the blink frog but do no damage.
Your headbutt misses the blink frog.
The blink frog is almost dead.
The blink frog barely misses you.
You riposte.
You closely miss the blink frog. The blink frog barely misses you.
You slash the blink frog!
You kill the blink frog!
Okawaru accepts your kill. The blink frog hits you!
* * * LOW HITPOINT WARNING * * *
The blink frog blinks!
You take 9 damage.
Unknown command.
Unknown command.
Unknown command.
Unknown command.
Unknown command.
Evoke which item? (* to show all) (? for menu, Esc to quit)
Aiming: Iceblast
Press: ? - help, Shift-Dir - straight line The mass of ice explodes!
The iceblast engulfs the blink frog.
The blink frog is severely wounded.
You hear a roar!
You hear an angry hiss.
You hear a loud, deep croak!
The blink frog barely misses you.
Unknown command.
Evoke which item? (* to show all) (? for menu, Esc to quit)
Aiming: Iceblast
Press: ? - help, Shift-Dir - straight line The mass of ice explodes!
The iceblast engulfs the blink frog.
You kill the blink frog!
Okawaru accepts your kill.
The iceblast engulfs the blink frog.
The blink frog is heavily wounded.
Unknown command.
You miss the blink frog. Your headbutt misses the blink frog.
The blink frog is heavily wounded.
The blink frog hits you!
You die...

###............P.... #
#....###..........#... #
#..P.###........#...$[ #
#.....#.#.....P.#...##
###.........##....#..#..
..#>............# ....
÷..####......P..##..# .
...# #...##..#.#†$# ⌠.⌠
..## #.#..#.##.@†.#§....
..# ###..#....F......>.
..# #........#........
...# ....#P.#..#.....⌠.⌠
.....
.#..##P#P.....#....
...... ...
###...#....... ......
.##......... ....[. #.
P..#..###. .... ..
...##.$


You could see a blink frog.

Vanquished Creatures
  Harold (D:8)
  2 hydras
  A death knight (D:10)
  3 two-headed ogres
  2 skeletal warriors (D:11)
  2 phantasmal warriors (D:11)
  Joseph (D:9)
  3 spiny frogs
  2 komodo dragons (Lair:1)
  2 trolls
  Prince Ribbit (D:9)
  Grinder (D:4)
  4 blink frogs (Lair:3)
  A dream sheep (Lair:2)
  3 hippogriffs
  A wraith (D:10)
  A spriggan (Lair:2)
  3 hungry ghosts
  22 yaks
  Eustachio (D:5)
  3 vampire mosquitoes (D:11)
  2 nagas (Lair:2)
  Edmund (D:3)
  3 water moccasins
  8 porcupines
  4 orc warriors
  4 ice beasts
  6 sky beasts
  5 centaurs
  9 crocodiles
  3 big kobolds (D:9)
  Blork the orc (D:5)
  4 bullfrogs
  A gnoll sergeant (D:6)
  4 scorpions
  A killer bee (D:9)
  5 electric eels
  3 howler monkeys
  6 crimson imps
  5 hounds
  3 quasits
  2 centaur zombies
  2 jellies
  3 orc priests
  7 orc wizards
  2 bullfrog skeletons
  2 gnoll shamans
  5 iguanas
  15 worker ants
  A worker ant zombie (D:8)
  9 adders
  12 gnolls
  A howler monkey skeleton (D:7)
  3 shadow imps
  An adder skeleton (D:4)
  2 adder zombies
  5 worms
  4 dart slugs
  7 leopard geckos
  26 orcs
  4 ball pythons
  16 giant cockroaches
  7 goblins
  5 hobgoblins
  13 jackals
  5 quokkas
  13 bats
  A frilled lizard (D:3)
  19 kobolds
  10 rats
340 creatures vanquished.

Vanquished Creatures (collateral kills)
  Erolcha (D:9)
1 creature vanquished.

Vanquished Creatures (others)
  3 bushes (Lair:2)
  26 fungi (D:11)
  15 plants
44 creatures vanquished.

Grand Total: 385 creatures vanquished

Notes
Turn   | Place    | Note
-------+----------+-------------------------------------------
     0 | D:1      | Gorice the Minotaur Gladiator began the quest for the Orb.
     0 | D:1      | Reached XP level 1. HP: 18/18 MP: 0/0
    62 | D:1      | Reached skill level 4 in Long Blades
   217 | D:1      | Reached XP level 2. HP: 22/25 MP: 1/1
   550 | D:1      | Reached skill level 1 in Armour
   550 | D:1      | Reached XP level 3. HP: 30/30 MP: 2/2
   775 | D:1      | Reached skill level 5 in Long Blades
  1051 | D:2      | Reached XP level 4. HP: 35/37 MP: 3/3
  1144 | D:2      | Found a basalt altar of Yredelemnul.
  1171 | D:2      | Noticed a fire elemental
  1173 | D:2      | Found a stormy altar of Qazlal.
  1177 | D:2      | Noticed an air elemental
  1177 | D:2      | Noticed a water elemental
  1177 | D:2      | Noticed an earth elemental
  1198 | D:2      | Reached skill level 2 in Armour
  1307 | D:2      | Found a shattered altar of Ashenzari.
  1311 | D:2      | Found a blossoming altar of Fedhas.
  1311 | D:2      | Found a shadowy altar of Dithmenos.
  1319 | D:2      | Found an ancient bone altar of Kikubaaqudgha.
  1320 | D:2      | Found a radiant altar of Vehumet.
  1670 | D:3      | Reached skill level 6 in Long Blades
  1999 | D:3      | Reached XP level 5. HP: 42/42 MP: 4/4
  2203 | D:3      | Reached skill level 3 in Armour
  2291 | D:4      | Reached skill level 7 in Long Blades
  2302 | D:4      | Reached XP level 6. HP: 39/50 MP: 5/5
  2463 | D:4      | Noticed Grinder
  2607 | D:4      | Paralysed by Grinder for 5 turns
  2610 | D:4      | Noticed Edmund
  2629 | D:4      | Paralysed by Grinder for 5 turns
  2677 | D:3      | Killed Edmund
  2677 | D:3      | Reached skill level 8 in Long Blades
  2677 | D:3      | Reached skill level 4 in Armour
  2933 | D:4      | HP: 15/50 [Grinder (5)]
  2934 | D:4      | Killed Grinder
  2934 | D:4      | Reached XP level 7. HP: 17/56 MP: 6/6
  3181 | D:4      | Reached skill level 5 in Armour
  3448 | D:5      | Entered Level 5 of the Dungeon
  3511 | D:5      | Reached skill level 9 in Long Blades
  3880 | D:5      | Noticed Blork the orc
  3888 | D:5      | Killed Blork the orc
  4019 | D:5      | Noticed Eustachio
  4035 | D:5      | Killed Eustachio
  4035 | D:5      | Reached skill level 10 in Long Blades
  4035 | D:5      | Reached skill level 6 in Armour
  4035 | D:5      | Reached XP level 8. HP: 59/62 MP: 7/7
  4869 | D:6      | Reached skill level 7 in Armour
  4907 | D:6      | Reached skill level 11 in Long Blades
  5099 | D:6      | Found a staircase to the Ecumenical Temple.
  5158 | Temple   | Entered the Ecumenical Temple
  5391 | Temple   | Became a worshipper of Warmaster Okawaru
  5830 | D:6      | Reached XP level 9. HP: 68/68 MP: 8/8
  5957 | D:6      | Reached skill level 12 in Long Blades
  5957 | D:6      | Reached skill level 8 in Armour
  6625 | D:7      | Found Yphic's Magic Scroll Shop.
  7213 | D:8      | Found an opulent altar of Gozag.
  7268 | D:8      | Found a transporter.
  7269 | D:8      | Noticed raetorn's ghost (novice DDFi)
  7331 | D:8      | Found a transporter.
  7485 | D:8      | Noticed Harold
  7506 | D:8      | Killed Harold
  7506 | D:8      | Reached skill level 13 in Long Blades
  7506 | D:8      | Reached skill level 9 in Armour
  7850 | D:8      | Noticed a two-headed ogre
  7864 | D:8      | Killed a two-headed ogre
  7864 | D:8      | Reached * piety under Okawaru
  7864 | D:8      | Reached XP level 10. HP: 60/74 MP: 9/9
  7865 | D:8      | Reached skill level 14 in Long Blades
  8233 | D:9      | Noticed Prince Ribbit
  8322 | D:9      | Found a bloodstained altar of Trog.
  8323 | D:9      | Found a hazy altar of Hepliaklqana.
  8373 | D:9      | Noticed Erolcha
  8380 | D:9      | Reached skill level 3 in Fighting
  8380 | D:9      | Reached skill level 1 in Invocations
  8397 | D:9      | Reached skill level 10 in Armour
  8543 | D:9      | Killed Erolcha
  8543 | D:9      | Reached ** piety under Okawaru
  8543 | D:9      | Reached skill level 4 in Fighting
  8543 | D:9      | Reached skill level 2 in Invocations
  8581 | D:9      | Reached skill level 3 in Invocations
  8785 | D:9      | Found a runed door.
  8797 | D:9      | Found a runed door.
  8810 | D:9      | Found a staircase to the Orcish Mines.
  8812 | D:9      | Killed Prince Ribbit
  8812 | D:9      | Reached skill level 5 in Fighting
  8904 | D:9      | HP: 22/81 [orc priest/divine providence (14)]
  9271 | D:9      | Reached skill level 11 in Armour
  9283 | D:9      | Noticed Joseph
  9304 | D:9      | Killed Joseph
  9304 | D:9      | Reached skill level 6 in Fighting
  9326 | D:9      | Found Giroh Dasm's Gadget Boutique.
  9344 | D:9      | Reached *** piety under Okawaru
  9362 | D:9      | Noticed a two-headed ogre
  9635 | D:9      | Killed a two-headed ogre
  9635 | D:9      | Reached skill level 7 in Fighting
  9902 | D:9      | Reached XP level 11. HP: 83/92 MP: 12/12
 10287 | D:10     | Entered Level 10 of the Dungeon
 10333 | D:9      | Reached skill level 12 in Armour
 10684 | D:10     | Reached skill level 8 in Fighting
 10787 | D:10     | Reached **** piety under Okawaru
 11285 | D:11     | Noticed a skeletal warrior
 11304 | D:11     | Killed a skeletal warrior
 11369 | D:11     | Noticed a death knight
 11369 | D:11     | Noticed a phantasmal warrior
 11391 | D:11     | HP: 26/95 [??? (24)]
 11676 | D:11     | Noticed a skeletal warrior
 12023 | D:11     | Reached skill level 9 in Fighting
 12202 | D:11     | Noticed a two-headed ogre
 12215 | D:11     | Killed a two-headed ogre
 12306 | D:11     | Reached skill level 13 in Armour
 12442 | D:11     | Found a staircase to the Lair.
 12482 | D:11     | Reached skill level 10 in Fighting
 12701 | D:11     | Noticed a phantasmal warrior
 12721 | D:10     | Killed a death knight
 12721 | D:10     | Reached ***** piety under Okawaru
 12844 | D:11     | Killed a phantasmal warrior
 13028 | D:11     | Killed a phantasmal warrior
 13169 | D:11     | Killed a skeletal warrior
 13529 | Lair:1   | Entered Level 1 of the Lair of Beasts
 13569 | Lair:1   | Received a gift from Okawaru
 13570 | Lair:1   | Got a steaming longbow {god gift}
 13571 | Lair:1   | Identified the +7 longbow "Warhur" {velocity, rElec Str-2 SInv} (Okawaru gifted it to you on level 1 of the Lair of Beasts)
 13605 | Lair:1   | Reached skill level 11 in Fighting
 13637 | Lair:1   | Identified the cursed +0 ring mail of the Merchant {Str+5 Dex+2} (You found it on level 1 of the Lair of Beasts)
 13661 | Lair:1   | Reached XP level 12. HP: 101/110 MP: 13/13
 13722 | Lair:1   | Reached skill level 14 in Armour
 14003 | Lair:1   | Reached skill level 4 in Invocations
 14622 | Lair:2   | Found a staircase to the Snake Pit.
 14711 | Lair:2   | Noticed a six-headed hydra
 15035 | Lair:2   | Found a basalt altar of Yredelemnul.
 15335 | Lair:2   | Killed a six-headed hydra
 15335 | Lair:2   | Reached skill level 5 in Invocations
 15341 | Lair:2   | Found a staircase to the Swamp.
 15720 | Lair:2   | Reached skill level 12 in Fighting
 16522 | Lair:3   | Noticed an eight-headed hydra
 16539 | Lair:3   | Killed an eight-headed hydra
 16539 | Lair:3   | Received a gift from Okawaru
 16539 | Lair:3   | Reached skill level 6 in Invocations
 16611 | Lair:3   | Gained mutation: Armour fits poorly on your strangely shaped body. [mutagenic glow]
 16672 | Lair:3   | Gained mutation: You are frail. (-10% HP) [mutagenic glow]
 16772 | Lair:3   | HP: 22/100 [blink frog (11)]
 16777 | Lair:3   | HP: 7/101 [blink frog (9)]
 16779 | Lair:3   | Reached ****** piety under Okawaru
 16780 | Lair:3   | Slain by a blink frog

Skill      XL: |  1  2  3  4  5  6  7  8  9 10 11 12 |
---------------+-------------------------------------+-----
Long Blades    | 4 5 6 7 8 10 11 13 14 | 14.0
Armour         | 1 2 3 4 6 7 9 11 13 14 | 14.9
Fighting       | 7 11 12 | 12.3
Invocations    | 3 6 |  6.3
Throwing       | |  2.0
Dodging        | |  3.2

Action                   |  1- 3 |  4- 6 |  7- 9 | 10-12 || total
-------------------------+-------+-------+-------+-------++-------
Melee: Long sword        |    64 |   128 |   355 |   152 ||   699
       Headbutt          |    11 |    20 |    84 |   174 ||   289
       Scimitar          |       |       |       |   640 ||   640
       Punch             |       |       |       |     1 ||     1
       Flail             |       |       |       |    19 ||    19
 Fire: Longbow           |       |       |       |     6 ||     6
Throw: Tomahawk          |       |     7 |     4 |    44 ||    55
       Throwing net      |       |       |       |     2 ||     2
Invok: Heroism           |       |       |       |    14 ||    14
Evoke: Wand              |       |       |       |     9 ||     9
  Use: Scroll            |     3 |     8 |     8 |     7 ||    26
  Eat: Chunk             |     1 |     6 |    11 |    31 ||    49
       Ration            |       |       |     1 |     1 ||     2
Armor: Leather armour    |     6 |       |       |       ||     6
       Chain mail        |    37 |    66 |    80 |       ||   183
       Plate armour      |       |       |   108 |   491 ||   599
Dodge: Dodged            |    42 |    54 |   128 |   276 ||   500
       Rpst.: Long sword |    16 |    17 |    35 |    14 ||    82
       Scimitar          |       |       |       |    46 ||    46

Table legend:
 A = Turns spent in this place as a percentage of turns spent in the entire game.
 B = Non-inter-level travel turns spent in this place as a percentage of non-inter-level travel turns spent in the entire game.
 C = Inter-level travel turns spent in this place as a percentage of turns spent in this place.
 D = Turns resting spent in this place as a percentage of non-inter-level travel turns spent in this place.
 E = Turns spent auto-exploring this place as a percentage of non-inter-level travel turns spent in this place.
 F = Non-inter-level travel turns spent in this place divided by the number of levels of this place that you've seen.
                   A       B       C       D       E      F
               +-------+-------+-------+-------+-------+----------------------
         Total | 100.0 | 100.0 |   6.5 |  25.9 |  45.5 | 1045.5
       Dungeon |  81.2 |  81.3 |   6.4 |  25.3 |  45.8 | 1159.5
        Temple |   1.5 |   1.5 |   7.9 |   0.0 |  94.9 | 234.0
          Lair |  17.3 |  17.2 |   7.2 |  30.6 |  39.8 | 898.0
               +-------+-------+-------+-------+-------+----------------------

Vault maps used:
D:1:      ncdulo_wetmaze
D:2:      minitemple, first_ration, minmay_liquid_box,
          nicolae_qazlal_style_of_elements
D:4:      uniq_edmund, uniq_grinder
D:5:      uniq_eustachio, uniq_blork_the_orc
D:6:      minmay_temple_entry_overgrown, hangedman_decor_diamond_cutter,
          minmay_misc_feat_alley
D:7:      serial_shops, shop, columned_hall_lemuel, minivault_26
D:8:      gammafunk_ghost_mausoleum, nicolae_gozag_seed_capital, uniq_harold
D:9:      lemuel_insect_pit, nicolae_overflow_hidden_temple, david_orc_2,
          serial_shops, shop, uniq_joseph, uniq_prince_ribbit1, uniq_erolcha
D:11:     due_lair_maze_entry_diamond
Temple:   minmay_temple_curvy_branch
Lair:1:   minivault_24
Lair:2:   minmay_swamp_entry_eels, guppyfry_snake_entry_garden, basic_altar,
          grunt_forest_large_clearing_hut, lemuel_fruit_tree
Lair:3:   minmay_holes, grunt_megastairs_2, uniq_nergalle
